Map: Thunderbird LE

Players

SKillous

  • Race: Protoss Protoss
  • Spawn Location: 11:00

Harstem - Winner!

  • Race: Protoss Protoss
  • Spawn Location: 5:00

Event: 2019 WCS Summer

VOD

Have the link to the VOD?

Description

Time

  • Played on: July 12, 2019, 12:53 p.m.
  • Length: 9:44

All games in this series

Show
View Real Time Build Order
Export as new Build Order

SKillous Protoss 

Build Orders: Oracle Opening 

Get SALT Encoding   

  12  0:00  Probe  
  13  0:13  Probe  
  14  0:17  Pylon  
  14  0:24  Probe  
  15  0:32  Probe  
  15  0:38  Gateway  
  15  0:40  Probe  
  16  0:46  Assimilator  
  17  0:51  Probe  
  17  0:54  Assimilator  
  18  0:59  Probe  
  19  1:06  Gateway  
  19  1:07  Probe  
  19  1:17  Probe  
  21  1:26  Cybernetics Core  
  21  1:29  Probe  
  21  1:32  Pylon  
  22  1:41  Probe  
  23  1:54  Probe  
  24  1:55  Warp Gate  
  24  2:03  Stalker  
  28  2:09  Stalker  
  28  2:14  Pylon  
  28  2:33  Stalker, Stargate  
  30  2:40  Stalker  
  32  3:01  Nexus  
  32  3:07  Oracle  
  33  3:12  Probe  
  33  3:19  Pylon  
  36  3:25  Probe  
  37  3:37  Probe  
  38  3:44  Oracle  
  41  3:49  Probe  
  41  3:52  Twilight Council  
  42  4:01  Probe  
  43  4:09  Resonating Glaives  
  43  4:13  Probe  
  43  4:15  Forge  
  44  4:21  Probe  
  44  4:23  Probe  
  45  4:28  Pylon  
  45  4:29  Probe  
  46  4:34  Sentry  
  46  4:35  Probe  
  50  4:38  Gateway  
  50  4:39  Probe  
  50  4:43  Gateway  
  51  4:47  Probe  
  51  4:51  Probe  
  53  5:01  Probe  
  53  5:03  Probe  
  55  5:07  Pylon  
  55  5:11  Gateway x2  
  55  5:14  Probe  
  55  5:20  Gateway  
  57  5:27  Adept x2  
  60  5:31  Pylon  
  60  5:34  Gateway  
  60  5:39  Adept x2  
  64  5:46  Pylon  
  64  5:48  Adept x2  
  68  5:56  Adept  
  70  6:01  Adept, Pylon  
  72  6:11  Adept x4  
  80  6:14  Pylon  
  80  6:17  Adept  
  76  6:28  Adept x2  
  78  6:37  Adept x4  
  84  6:42  Adept x2  
  88  6:51  Adept x2  
  85  7:02  Adept x4  
  72  7:18  Adept  
  72  7:19  Adept x3  
  72  7:27  Adept  
  72  7:28  Adept x3  
  60  7:48  Adept x3  
  60  7:49  Adept x4  
  72  7:52  Adept  
  70  8:03  Gateway  
  70  8:07  Adept x2  
  70  8:09  Adept  
  76  8:14  Adept x2  
  72  8:27  Adept x2  
  72  8:30  Assimilator  
  70  8:41  Adept x2  
  70  8:42  Adept  
  70  8:49  Adept x2  
  52  9:11  Adept x6  
  52  9:14  Adept  
  66  9:21  Adept x2  
  66  9:31  Adept x3  
Show
View Real Time Build Order
Export as new Build Order

Harstem Protoss - Winner!

Build Orders: Phoenix Opening, Zealot Archon 

Get SALT Encoding   

  12  0:00  Probe  
  13  0:12  Probe  
  14  0:18  Pylon  
  14  0:24  Probe  
  15  0:32  Probe  
  15  0:40  Probe  
  15  0:41  Gateway  
  16  0:47  Assimilator  
  17  0:51  Probe  
  17  0:55  Assimilator  
  18  0:59  Probe  
  19  1:07  Gateway, Probe  
  19  1:17  Probe  
  21  1:28  Cybernetics Core  
  21  1:29  Probe  
  22  1:36  Pylon  
  22  1:41  Probe  
  23  1:51  Pylon  
  23  1:54  Probe  
  23  1:56  Warp Gate  
  24  2:05  Stalker  
  24  2:06  Probe, Sentry  
  29  2:34  Stalker  
  31  2:39  Nexus, Phoenix  
  31  2:41  Sentry  
  33  2:46  Probe  
  33  2:51  Pylon  
  33  2:58  Probe  
  33  3:04  Stalker  
  36  3:11  Probe, Sentry  
  39  3:19  Shield Battery  
  39  3:27  Shield Battery  
  39  3:29  Pylon  
  39  3:46  Probe  
  39  3:47  Stalker  
  42  3:50  Probe, Stalker  
  42  3:52  Forge  
  42  3:54  Probe  
  45  3:58  Probe  
  46  4:02  Probe  
  46  4:07  Probe  
  48  4:12  Probe  
  48  4:13  Stalker  
  50  4:21  Probe  
  50  4:22  Probe  
  49  4:29  Probe  
  50  4:31  Protoss Ground Weapons Level 1  
  50  4:34  Probe  
  50  4:37  Robotics Facility  
  52  4:39  Probe  
  53  4:45  Probe  
  53  4:48  Pylon  
  53  4:52  Probe  
  55  4:53  Probe  
  56  5:00  Stalker  
  56  5:02  Probe  
  56  5:04  Probe  
  60  5:07  Assimilator  
  60  5:09  Twilight Council  
  60  5:13  Probe  
  61  5:14  Assimilator  
  61  5:16  Probe  
  62  5:23  Pylon  
  62  5:25  Probe  
  62  5:27  Gateway  
  62  5:28  Gateway, Probe  
  64  5:31  Observer  
  65  5:37  Probe  
  65  5:40  Probe  
  67  5:45  Gateway  
  67  5:46  Gateway  
  67  5:47  Charge  
  67  5:49  Immortal  
  71  5:59  Photon Cannon  
  71  6:03  Sentry  
  73  6:07  Stalker  
  75  6:14  Shield Battery  
  75  6:18  Probe, Templar Archives  
  76  6:23  Stalker  
  76  6:24  Probe  
  77  6:30  Probe  
  74  6:35  Sentry  
  74  6:37  Cybernetics Core  
  75  6:45  Pylon  
  74  6:51  Zealot  
  74  6:52  Zealot  
  78  6:55  Pylon, Cybernetics Core  
  78  6:59  Zealot x2  
  76  7:04  Zealot x2  
  76  7:11  Cybernetics Core  
  76  7:12  Zealot  
  76  7:15  Zealot  
  72  7:18  Photon Cannon  
  72  7:19  Zealot  
  64  7:24  High Templar x2  
  64  7:26  Zealot  
  64  7:28  Archon  
  65  7:31  Probe  
  65  7:34  Probe, Zealot  
  60  7:44  Cybernetics Core  
  60  7:47  Warp Prism  
  59  7:54  High Templar x2, Sentry  
  59  7:55  Zealot  
  69  8:02  Pylon  
  69  8:03  Archon  
  69  8:05  Photon Cannon  
  69  8:08  Zealot x2  
  71  8:25  High Templar x2  
  71  8:26  Zealot x2  
  73  8:29  Cybernetics Core  
  73  8:30  Archon  
  73  8:35  Zealot x2  
  73  8:47  Zealot x2  
  71  8:54  Shield Battery x2  
  71  8:58  High Templar x2  
  69  9:03  Archon  
  61  9:10  Zealot x4  
  61  9:12  Probe x2  
  71  9:30  High Templar x2  
  75  9:35  Archon  
  75  9:36  Zealot x4  
Tags
 
Add a new tag
Caveats
  • Supply blocks, unpowered buildings, or Contaminate may cause inaccurate times.
  • Supply counts are checked every 10 seconds.